 Dungeon Crawl Stone Soup version 0.16.2-12-gd0ad4c3 (webtiles) character file.

65 Japsu the Shooter (level 3, 0/24 HPs)
             Began as a High Elf Hunter on Sept 20, 2015.
             Succumbed to an adder's poison
             ... on level 2 of the Dungeon on Oct 4, 2015.
             The game lasted 00:24:32 (2064 turns).

Japsu the Shooter (High Elf Hunter)                 Turns: 2064, Time: 00:24:32

Health: 0/24       AC:  3    Str: 11    XL:     3   Next: 92%
Magic:  14/14      EV: 12    Int: 14    God:
Gold:   33         SH:  0    Dex: 17    Spells: 0 memorised, 2 levels left

rFire  . . .     SeeInvis .     b - +1 shortbow
rCold  . . .     Clarity  .     d - +0 leather armour
rNeg   . . .     SustAb   .     (no shield)
rPois  .         Gourm    .     (no helmet)
rElec  .         Spirit   .     (no cloak)
rCorr  .         Warding  .     (no gloves)
rMut   .         Stasis   .     (no boots)
MR     .....                    (no amulet)
Stlth  ++........               (no ring)
                                r - ring of magical power

@: lethally poisoned (0 -> -8), not resistant to hostile enchantments,
unstealthy
A: no striking features
a: no special abilities


You were on level 2 of the Dungeon.
You were not hungry.

You visited 1 branch of the dungeon, and saw 2 of its levels.

You collected 33 gold pieces.

Inventory:

Hand weapons
 a - a +0 short sword
 b - a +1 shortbow (weapon)
 i - a +0 hunting sling
 t - a +0 flail
 v - a +0 spear
 y - a +0 club
 C - a +0 falchion
Missiles
 c - 28 arrows (quivered)
 f - 5 tomahawks
 l - 11 poisoned bolts
 A - 24 stones
Armour
 d - a +0 leather armour (worn)
 B - a +0 leather armour
Jewellery
 n - an uncursed ring of protection from magic {unknown}
 r - a ring of magical power (left hand)
Scrolls
 e - a scroll of fog {unknown}
 g - a scroll of noise {unknown}
 j - a scroll of amnesia {unknown}
 m - a scroll of enchant armour {unknown}
 o - a scroll of blinking {unknown}
 s - a scroll of remove curse {unknown}
 w - 2 scrolls of identify {unknown}
Potions
 h - a potion of agility {unknown}
 k - a potion of curing {unknown}
 u - a potion of invisibility {unknown}
 x - a potion of heal wounds {unknown}


   Skills:
 + Level 2.0 Fighting
 + Level 6.8 Bows
 + Level 1.0 Armour
 + Level 2.4 Dodging
 + Level 1.2 Stealth


You had 2 spell levels left.
You didn't know any spells.

Dungeon Overview and Level Annotations

Branches:
Dungeon (2/15)

Altars:
Qazlal


Message History

The adder poisons you!
You feel sick. The adder bites you but does no damage.
The adder closely misses you.
You feel sick. The adder bites you.
You are lethally poisoned!
The adder poisons you! The adder completely misses you.
You feel sick. The adder bites you but does no damage.
The adder bites you but does no damage.
You feel sick. The adder bites you but does no damage. The adder bites you.
* * * LOW HITPOINT WARNING * * *
* * * LOW HITPOINT WARNING * * *
You feel sick. The adder misses you.
* * * LOW HITPOINT WARNING * * *
You feel sick. The adder bites you.
* * * LOW HITPOINT WARNING * * *
The adder bites you but does no damage.
* * * LOW HITPOINT WARNING * * *
You feel sick. The adder completely misses you.
The adder bites you but does no damage.
You die...

#.# #.# #.# #.# #.# #.# #.# #.#
#.. #.# #.# #.# #.# #.# #.# #.#
#.# #.# #.# #.# #.# ###.# #.#
#.# #.# #.# <.#.#####
#.####S####.# #.# #.. ........#
#....(@.....## #.# ###
#.#.###.# ######.(.....# #.#
#.#.# #.# #######.####.# #
#.#.# #.# #.##.).# # #.#.# #.#
#.##.### ### #.#.# #.# #.##.#
#.. ..#.# #.#
#######.##.#####.# ###.# #.####
#.................
#.###....#####.#.######.......#


You could see an adder.

Vanquished Creatures
  3 adders (D:2)
  2 giant geckos (D:1)
  2 bats
  4 giant cockroaches
  4 hobgoblins
  7 kobolds
  An ooze (D:2)
  4 giant newts (D:1)
  6 goblins
  3 rats (D:1)
36 creatures vanquished.

Notes
Turn   | Place    | Note
--------------------------------------------------------------
     0 | D:1      | Japsu, the High Elf Hunter, began the quest for the Orb.
     0 | D:1      | Reached XP level 1. HP: 14/14 MP: 2/2
   490 | D:1      | Reached XP level 2. HP: 19/19 MP: 3/3
   624 | D:1      | Reached skill level 6 in Bows
  1332 | D:2      | Found a stormy altar of Qazlal.
  1446 | D:2      | Reached XP level 3. HP: 16/24 MP: 5/5
  1864 | D:2      | Reached skill level 1 in Armour
  2063 | D:2      | HP: 1/24 [poisoned by an adder]
  2064 | D:2      | Succumbed to an adder's poison

Action                   || total
-------------------------++-------
Melee: Short sword       ||     8
       Falchion          ||     2
 Fire: Shortbow          ||    79
Throw: Stone             ||     3
  Eat: Bread ration      ||     1
